 Dungeon Crawl Stone Soup version 0.27-a0-695-gb4952372f7 (webtiles) character file.

Game seed: 3660073951056835407

25 Essalna the Firebug (level 2, -1/15 HPs)
             Began as a Deep Elf Fire Elementalist on Mar 22, 2021.
             Slain by a howler monkey (6 damage)
             ... on level 2 of the Dungeon.
             The game lasted 00:02:06 (1702 turns).

Essalna the Firebug (Deep Elf Fire Elementalist)    Turns: 1702, Time: 00:02:07

Health: -1/15      AC:  2    Str:  5    XL:     2   Next: 82%
Magic:  0/8        EV: 12    Int: 19    God:
Gold:   34         SH:  0    Dex: 15    Spells: 7/8 levels left

rFire    . . .     SeeInvis .   c - +0 dagger
rCold    . . .     Faith    .   (no shield)
rNeg     . . .     Spirit   .   a - +0 robe
rPois    .         Reflect  .   (no helmet)
rElec    .         Harm     .   (no cloak)
rCorr    .         Rampage  .   (no gloves)
Will     .....                  (no boots)
Stlth    ++........             (no amulet)
HPRegen  0.05/turn              (no ring)
MPRegen  0.11/turn              (no ring)

@: lethally poisoned (-1 -> -6), very slightly contaminated
A: no striking features
a: no special abilities


You were on level 2 of the Dungeon.
You visited 1 branch of the dungeon, and saw 2 of its levels.

You collected 34 gold pieces.

Inventory:

Hand Weapons
 c - a +0 dagger (weapon)
Armour
 a - a +0 robe (worn)
Scrolls
 d - 2 scrolls of identify {unknown}
Potions
 b - a potion of flight {unknown}
 e - a potion of haste {unknown}
 f - a potion of heal wounds {unknown}
 g - a potion of might {unknown}


   Skills:
 - Level 2.4 Dodging
 - Level 2.4 Stealth
 + Level 3.6 Spellcasting
 + Level 2.0 Conjurations
 + Level 3.7 Fire Magic


You had 7 spell levels left.
You knew the following spells:

 Your Spells              Type           Power      Damage    Failure   Level
a - Foxfire               Conj/Fire      56%        2x1d6     4%          1

Your spell library contained the following spells:

 Spells                   Type           Power      Damage    Failure   Level
 Conjure Flame            Conj/Fire      14%        6-21      13%         3
 Inner Flame              Hex/Fire       10%        N/A       21%         3
 Sticky Flame             Conj/Fire      14%        2d4       41%         4
 Fireball                 Conj/Fire      7%         3d5       77%         5


Dungeon Overview and Level Annotations

Branches:
Dungeon (2/15)

Altars:


Message History

Your foxfire dissipates!
Your foxfire dissipates!
d - 2 scrolls labelled JOUS IDDYNYG (gained 1) Key pressed, stopping explore.
g - an inky potion A howler monkey comes into view.
An adder comes into view.
You conjure some foxfire!
You conjure some foxfire!
The adder hisses angrily.
You conjure some foxfire!
The foxfire hits the howler monkey.
The howler monkey is lightly wounded.
You conjure some foxfire!
The foxfire hits the howler monkey.
The howler monkey is moderately wounded.
The foxfire hits the howler monkey.
The howler monkey is heavily wounded.
The foxfire hits the howler monkey.
The howler monkey is heavily wounded.
The foxfire hits the howler monkey.
The howler monkey is severely wounded.
You miscast Foxfire.
You are very lightly contaminated with residual magic.
Nothing appears to happen.
The foxfire hits the howler monkey.
The howler monkey is severely wounded.
The foxfire hits the howler monkey.
The howler monkey is almost dead.
The howler monkey hits you.
You conjure some foxfire!
The howler monkey hoots and howls with incredible vigour!
The adder completely misses you.
You hear a shout!
You conjure some foxfire!
The foxfire hits the adder.
The adder is lightly wounded.
The foxfire hits the adder.
The adder is moderately wounded.
The howler monkey hits you. The adder barely misses you.
You conjure some foxfire!
The howler monkey hits you. The adder bites you.
You are lethally poisoned!
The adder poisons you! The howler monkey hits you.
You die...

.........# .#######.#
#.........#
###.######..#########
.....................
##.##..##.<.#######.
#.ยง...#.....#
#.##v###...##
.###.S@v.....##
......hvv.....#
....#.#######.#
...... #+# ....# ....
..# ..


You could see a howler monkey (catching breath, ally target) and an adder (ally
target).

Vanquished Creatures
  3 bats
  2 giant cockroaches (D:1)
  A goblin (D:1)
  3 hobgoblins
  4 kobolds
  2 quokkas
  4 frilled lizards
  3 rats
22 creatures vanquished.

Vanquished Creatures (others)
  103 foxfires
103 creatures vanquished.

Grand Total: 125 creatures vanquished

Notes
Turn   | Place    | Note
-------+----------+-------------------------------------------
     0 | D:1      | Essalna the Deep Elf Fire Elementalist began the quest for
                  | the Orb.
     0 | D:1      | Reached XP level 1. HP: 10/10 MP: 6/6
   489 | D:1      | Reached XP level 2. HP: 15/15 MP: 5/8
  1688 | D:2      | Noticed a howler monkey
  1702 | D:2      | Slain by a howler monkey

Illustrated notes

Levels and vault maps discovered:
D:1:      tarquinn_simple_flora_water_a, layout_basic
D:2:      minmay_alternating_diamond, layout_loops_corners, lemuel_crystal_altar

Skill      XL: |  1  2 |
---------------+-------+-----
Conjurations   | 2 |  2.0
Dodging        | |  2.4
Stealth        | |  2.4
Spellcasting   | |  3.6
Fire Magic     | |  3.7

Action                   || total
-------------------------++-------
Melee: Dagger            ||     8
       Unarmed           ||     2
 Cast: Foxfire           ||    67
Armor: Robe              ||     6
Dodge: Dodged            ||    14

Table legend: (Time is in decaauts)
 A = Elapsed time spent in this place.
 B = Non-inter-level travel time spent in this place.
 C = Inter-level travel time spent in this place.
 D = Time resting spent in this place.
 E = Time spent auto-exploring this place.
 F = Levels seen in this place.
 G = Mean time per level.
                   A        B        C        D        E       F      G
               +--------+--------+--------+--------+--------+-----+--------+
         Total |   1701 |   1634 |     67 |      0 |   1447 |   2 |  850.5 |
       Dungeon |   1701 |   1634 |     67 |      0 |   1447 |   2 |  850.5 |
               +--------+--------+--------+--------+--------+-----+--------+

Top non-repeatable levels by time:
     D:1: 1281 daAuts
     D:2: 419 daAuts
